Map: Abyssal Reef LE

Players

GoOn

  • Race: Zerg Zerg
  • League: Gold
  • Spawn Location: 5:00

Cloonix - Winner!

  • Race: Terran Terran
  • Spawn Location: 11:00

VOD

Have the link to the VOD?

Description

Time

  • Played on: Dec. 14, 2017, 2:41 p.m.
  • Length: 12:48
Show
View Real Time Build Order
Export as new Build Order

GoOn Zerg 

Build Orders: Hatch First 

Get SALT Encoding   

  12  0:01  Drone  
  13  0:08  Drone  
  14  0:39  Hatchery  
  13  0:45  Overlord  
  13  0:46  Drone  
  14  1:08  Spawning Pool  
  14  1:10  Drone x2  
  15  1:14  Drone  
  16  1:27  Drone  
  16  1:29  Extractor  
  16  1:51  Hatchery  
  15  1:55  Zergling x2  
  15  1:56  Zergling x2  
  15  2:00  Zergling x2  
  18  2:04  Queen  
  18  2:08  Drone  
  21  2:14  Drone  
  23  2:15  Drone  
  23  2:26  Drone  
  23  2:28  Overlord  
  24  2:31  Drone  
  25  2:41  Drone x2  
  25  2:42  Drone  
  28  2:57  Extractor  
  27  3:00  Queen  
  27  3:03  Drone  
  27  3:04  Drone  
  31  3:06  Drone x3  
  34  3:19  Drone x4  
  38  3:29  Drone  
  38  3:31  Queen, Extractor  
  38  3:33  Extractor  
  39  3:37  Lair  
  37  3:56  Roach Warren  
  37  3:58  Metabolic Boost  
  37  4:00  Zergling x12  
  37  4:02  Overlord  
  42  4:10  Spine Crawler  
  41  4:18  Spine Crawler  
  41  4:19  Overlord  
  41  4:21  Overlord  
  41  4:23  Zergling x2  
  41  4:29  Drone  
  42  4:47  Baneling Nest, Drone x5  
  42  4:48  Drone x3  
  49  4:58  Drone x3  
  49  4:59  Drone  
  53  5:07  Drone  
  53  5:08  Drone x2  
  56  5:18  Drone x2  
  56  5:19  Extractor  
  57  5:21  Extractor  
  57  5:25  Overlord  
  57  5:26  Overlord x2  
  56  5:32  Baneling  
  56  5:33  Baneling x6  
  56  5:34  Baneling x5  
  56  5:35  Baneling  
  56  5:39  Centrifical Hooks  
  56  5:42  Drone  
  57  5:43  Drone  
  57  5:44  Drone  
  59  6:04  Drone x5  
  59  6:05  Drone x2  
  59  6:06  Drone  
  59  6:07  Roach x3  
  59  6:08  Roach  
  75  6:15  Glial Reconstitution  
  75  6:23  Evolution Chamber  
  72  6:30  Roach x4  
  76  6:47  Zergling x10  
  75  6:48  Zergling x4  
  75  6:49  Overlord x2  
  81  7:01  Spine Crawler  
  81  7:04  Drone  
  81  7:06  Overlord x3  
  81  7:11  Zerg Melee Weapons Level 1  
  81  7:15  Drone  
  82  7:17  Evolution Chamber  
  82  7:18  Evolution Chamber  
  80  7:25  Hatchery  
  80  7:28  Drone x6  
  80  7:29  Drone x2  
  87  7:43  Tunneling Claws  
  87  7:45  Burrow  
  87  7:47  Zerg Ground Armor Level 1, Zerg Missile Weapons Level 1  
  87  7:49  Roach x2  
  87  7:50  Roach x6  
  103  7:58  Baneling x4  
  103  7:59  Baneling x6  
  103  8:00  Baneling x3  
  103  8:01  Baneling  
  103  8:12  Drone x3  
  106  8:13  Drone x7  
  113  8:30  Extractor  
  113  8:32  Extractor  
  113  8:34  Hatchery  
  110  8:41  Pneumatized Carapace  
  110  8:43  Drone  
  110  8:44  Hatchery, Drone x3  
  110  8:45  Drone x3  
  111  8:56  Roach x3  
  116  9:10  Roach x5  
  120  9:20  Zergling x10  
  125  9:36  Zergling x2  
  125  9:37  Zergling x4  
  77  10:01  Baneling x6  
  77  10:04  Roach  
  77  10:05  Roach x8  
  93  10:24  Roach  
  93  10:25  Roach x4  
  85  10:42  Roach x2  
  85  10:44  Drone x22  
  73  11:00  Hatchery x2  
  73  11:02  Hatchery  
  73  11:03  Roach x3  
  76  11:08  Roach Warren  
  71  11:14  Hatchery  
  71  11:15  Hydralisk Den  
  71  11:16  Lair  
  47  11:41  Hatchery  
  45  11:51  Overlord x4  
  45  11:52  Overlord x5  
  37  12:21  Hydralisk x6  
Show
View Real Time Build Order
Export as new Build Order

Cloonix Terran - Winner!

Build Orders: Mech 

Get SALT Encoding   

  12  0:01  SCV  
  13  0:13  SCV  
  14  0:24  Supply Depot  
  14  0:25  SCV  
  15  0:46  SCV  
  16  0:53  Barracks  
  16  0:58  SCV  
  17  1:09  Refinery  
  17  1:10  SCV  
  18  1:20  Supply Depot  
  18  1:22  SCV  
  19  1:34  SCV  
  20  1:40  Supply Depot  
  20  1:46  Orbital Command  
  20  1:48  Marine  
  21  2:06  Marine  
  22  2:10  Command Center  
  22  2:17  Refinery  
  22  2:21  Factory  
  22  2:24  Marine  
  22  2:29  SCV  
  24  2:42  Marine  
  24  2:52  SCV, Barracks  
  25  3:00  Marine  
  25  3:04  SCV  
  27  3:06  Hellion  
  29  3:15  Starport  
  29  3:16  SCV  
  29  3:18  Marine  
  31  3:28  SCV  
  31  3:30  Hellion  
  34  3:36  Marine  
  35  3:45  Marine  
  36  3:54  Marine  
  37  3:57  SCV  
  38  4:05  Barracks Reactor  
  38  4:08  Medivac  
  38  4:09  SCV, Factory  
  41  4:11  Marine  
  42  4:23  Hellion  
  44  4:29  Marine  
  45  4:42  Factory  
  45  4:45  Hellion, Engineering Bay  
  47  4:46  SCV  
  48  4:58  SCV, Factory Tech Lab  
  49  5:04  Medivac  
  51  5:10  SCV  
  52  5:15  Barracks Tech Lab  
  52  5:16  Hellion  
  54  5:22  Orbital Command  
  54  5:27  Supply Depot  
  54  5:39  Missile Turret  
  54  5:48  Medivac  
  54  5:49  Hellion  
  58  5:51  Factory Tech Lab  
  58  5:53  Marauder  
  60  6:00  Supply Depot  
  61  6:04  SCV x2  
  61  6:09  Refinery  
  62  6:21  Siege Tank, SCV, Medivac, Marauder  
  62  6:23  SCV  
  58  6:43  Marauder  
  56  6:53  Siege Tank  
  59  6:58  Siege Tank  
  66  7:01  Hellion x2  
  66  7:04  Marauder  
  68  7:09  Barracks Tech Lab  
  68  7:10  SCV x2  
  70  7:19  Starport Reactor  
  70  7:23  Command Center  
  70  7:33  Supply Depot  
  70  7:48  Refinery  
  70  7:54  Hellion x2, Marauder x2  
  78  8:02  Supply Depot  
  78  8:06  Supply Depot  
  78  8:08  Missile Turret  
  78  8:24  Hellion x2, SCV x2, Marauder  
  86  8:27  Viking  
  86  8:28  Hellion, Viking, Marauder  
  94  8:39  Refinery  
  94  8:46  Marauder  
  96  8:49  Marauder  
  94  9:20  Marauder  
  94  9:21  Marauder  
  94  9:22  Siege Tank x2  
  94  9:24  Hellion x2  
  106  9:42  Marauder x2  
  106  9:45  Hellion  
  97  9:54  Siege Tank x2  
  103  10:03  Marauder x2  
  101  10:25  Marauder x2  
  99  10:38  Siege Tank  
  99  10:39  Siege Tank  
  99  10:40  Hellion x2  
  109  11:00  Marauder  
  109  11:21  Siege Tank  
  109  11:22  SCV  
  108  11:34  SCV  
  109  11:56  Hellion  
  109  12:03  SCV  
  108  12:16  SCV  
  109  12:33  Armory  
  109  12:41  Supply Depot  
Tags
 
Composition
Mech
League
Gold
Matchup
TvZ
Spawn Locations
Cross Positions
Add a new tag
Caveats
  • Supply blocks, unpowered buildings, or Contaminate may cause inaccurate times.
  • Supply counts are checked every 10 seconds.